 Dungeon Crawl Stone Soup version 0.19.4-9-g45fd643 (webtiles) character file.

10231 nikopol the Cleaver (level 11, -21/106 HPs)
             Began as a Gargoyle Berserker on Feb 18, 2017.
             Was a High Priest of Trog.
             Demolished by Paps's ghost (24 damage)
             ... on level 11 of the Dungeon.
             The game lasted 00:26:04 (10752 turns).

nikopol the Cleaver (Gargoyle Berserker)           Turns: 10752, Time: 00:26:04

Health: -21/106    AC: 18    Str: 26    XL:     11   Next: 58%
Magic:  11/11      EV: 14    Int:  8    God:    Trog [*****.]
Gold:   842        SH:  0    Dex: 16    Spells: 0 memorised, 10 levels left

rFire  . . .     SeeInvis .     a - +0 war axe
rCold  . . .     Gourm    .     x - +0 scale mail
rNeg   + . .     Faith    .     (no shield)
rPois  ∞         Spirit   .     (no helmet)
rElec  +         Reflect  .     E - +0 cloak
rCorr  .         Harm     .     r - +0 pair of gloves
MR     .....                    (no boots)
Stlth  ..........               (no amulet)
                                M - +4 ring of dexterity
                                A - ring of loudness (curse)

@: berserking, very quick
A: negative energy resistance 1, electricity resistance, unbreathing,
petrification resistance, rot immunity, AC +7
a: Berserk, Trog's Hand, Brothers in Arms, Burn Spellbooks, Renounce Religion


You were on level 11 of the Dungeon.
You worshipped Trog.
Trog was extremely pleased with you.
You were very hungry.

You visited 1 branch of the dungeon, and saw 11 of its levels.

You collected 842 gold pieces.

Inventory:

Hand Weapons
 a - a +0 war axe (weapon)
 z - a +0 shortbow
 P - a cursed -2 shortbow
Missiles
 e - 174 arrows (quivered)
Armour
 b - a +0 animal skin
 r - a +0 pair of gloves (worn)
 x - a +0 scale mail (worn)
 E - a +0 cloak (worn)
 J - a +3 ring mail
Jewellery
 A - a cursed ring of loudness (left hand)
 M - a +4 ring of dexterity (right hand)
Wands
 u - a wand of acid (4/15)
 y - a wand of enslavement (13/24)
 T - a wand of hasting (1/9)
Scrolls
 d - 6 scrolls of enchant weapon {unknown}
 f - 3 scrolls of amnesia {unknown}
 g - 3 scrolls of teleportation {unknown}
 j - 11 scrolls of identify {unknown}
 k - 2 scrolls of enchant armour {unknown}
 m - 2 scrolls of noise {unknown}
 o - 5 scrolls of remove curse {unknown}
 q - 3 scrolls of fear {unknown}
 s - 3 scrolls of recharging {unknown}
 t - a scroll of fog {unknown}
 w - 2 scrolls of blinking {unknown}
 C - 3 scrolls of magic mapping {unknown}
 D - a scroll of immolation {unknown}
 O - a scroll of random uselessness {unknown}
Potions
 h - 2 potions of cure mutation {unknown}
 i - 4 potions of invisibility {unknown}
 l - a potion of berserk rage {unknown}
 n - a potion of flight {unknown}
 p - 2 potions of mutation {unknown}
 v - a potion of cancellation {unknown}
 F - 2 potions of brilliance {unknown}
 H - a potion of curing {unknown}
 K - a potion of resistance {unknown}
 L - a potion of heal wounds
 N - 3 potions of lignification {unknown}
 Q - 3 potions of degeneration {unknown}
 R - 2 potions of agility {unknown}
 U - a potion of might
Comestibles
 c - 6 bread rations
 B - 7 meat rations
 G - 22 fruits
 I - 3 chunks of flesh


   Skills:
 + Level 9.0 Fighting
 * Level 9.9 Axes
 * Level 6.8 Bows
 + Level 8.6 Armour
 + Level 6.3 Dodging


You had 10 spell levels left.
You didn't know any spells.

Dungeon Overview and Level Annotations

Branches:
Dungeon (11/15)            Temple (0/1) D:5            Lair (0/6) D:11
    Orc (0/2) D:10

Altars:
Cheibriados
Fedhas
Ru
Uskayaw
Xom
Zin

Shops:
D:4 [   D:7 :   D:10 [

Annotations:
D:11 Paps's ghost, journeyman TrFi


Innate Abilities, Weirdness & Mutations

You are resistant to torment.
Your stone body is resilient. (AC +7)
You are immune to poison.
You resist negative energy. (rN+)
You are resistant to electric shocks. (rElec)
You can survive without breathing.
You are immune to petrification.
You are immune to rotting.


Message History

You are too injured to fight recklessly!
You are too injured to fight recklessly!
You are too injured to fight recklessly!
You are too injured to fight recklessly!
You are too injured to fight recklessly!
You are too injured to fight recklessly!
You are too injured to fight recklessly!
You are too injured to fight recklessly!
You are too injured to fight recklessly!
You are too injured to fight recklessly!
You are too injured to fight recklessly!
You are too injured to fight recklessly!
You are too injured to fight recklessly!
You are too injured to fight recklessly!
You closely miss Paps's ghost.
Paps's ghost is severely damaged.
You hit Paps's ghost.
Paps's ghost is severely damaged.
Paps's ghost hits you!!
You die...

##.P..PPPP#
.......#
#....).PPP#
......#
#...PP...P#
.....#
#..PP..>.P# ....#
#.#..PP..P# ...#
#.#..PPPPP# ..#
#.##PPPPP## #W#
#.######## #@#
#...####.. #)#
##........ #)#
#........
#.#######..####..
#..........# .
#.......####
#.......#
#.......#
#.......#


You could see Paps's ghost.

Vanquished Creatures
  Nergalle (D:11)
  An unseen horror (D:10)
  A hill giant (D:10)
  Joseph (D:8)
  A centaur skeleton (D:10)
  A gargoyle (D:11)
  A komodo dragon (D:11)
  A troll (D:9)
  2 hornets
  3 hippogriffs
  Sigmund (D:5)
  10 yaks
  A steam dragon (D:9)
  Menkaure (D:4)
  Edmund (D:4)
  A water moccasin (D:9)
  A phantom (D:8)
  A black bear (D:7)
  2 ice beasts
  2 sky beasts
  5 orc warriors
  A necrophage (D:8)
  3 ogres
  3 centaurs
  A crocodile (D:9)
  4 bullfrogs
  3 big kobolds
  5 scorpions
  15 killer bees
  A centaur zombie (D:5)
  A quasit (D:7)
  A bullfrog zombie (D:6)
  2 crimson imps
  5 orc priests
  4 hounds
  2 jellies
  Crazy Yiuf (D:4)
  A bullfrog skeleton (D:8)
  4 iguanas
  3 worker ants
  9 orc wizards
  2 hound skeletons
  15 adders
  3 shadow imps
  An ooze (D:4)
  An adder zombie (D:5)
  2 worms
  4 leopard geckos
  27 orcs
  3 bats
  9 giant cockroaches
  9 hobgoblins
  12 jackals
  15 kobolds
  4 quokkas
  A ball python (D:3)
  3 frilled lizards
  4 goblins
  7 rats
  2 plants (D:11)
232 creatures vanquished.

Vanquished Creatures (others)
  2 plants (D:11)
2 creatures vanquished.

Grand Total: 234 creatures vanquished

Notes
Turn   | Place    | Note
-------+----------+-------------------------------------------
     0 | D:1      | nikopol the Gargoyle Berserker began the quest for the Orb.
     0 | D:1      | Reached XP level 1. HP: 14/14 MP: 1/1
   241 | D:1      | Reached XP level 2. HP: 19/19 MP: 2/2
   610 | D:1      | Reached XP level 3. HP: 23/23 MP: 3/3
  1073 | D:2      | Reached ** piety under Trog
  1402 | D:3      | Reached XP level 4. HP: 18/29 MP: 4/4
  1666 | D:3      | Found a blossoming altar of Fedhas.
  1666 | D:3      | Found a hide-covered altar of Uskayaw.
  1667 | D:3      | Found a sacrificial altar of Ru.
  1732 | D:3      | Reached XP level 5. HP: 33/33 MP: 5/5
  2216 | D:4      | Noticed Menkaure
  2226 | D:4      | Killed Menkaure
  2226 | D:4      | Reached XP level 6. HP: 39/39 MP: 6/6
  2540 | D:4      | Noticed Edmund
  2570 | D:4      | Killed Edmund
  2570 | D:4      | Reached XP level 7. HP: 16/44 MP: 7/7
  2871 | D:4      | Found a runed door.
  2875 | D:4      | Noticed Crazy Yiuf
  2880 | D:4      | Killed Crazy Yiuf
  2977 | D:4      | Reached skill level 5 in Fighting
  3011 | D:4      | Found a shimmering altar of Xom.
  3012 | D:4      | Found a shimmering altar of Xom.
  3024 | D:4      | Found a shimmering altar of Xom.
  3035 | D:4      | Found a shimmering altar of Xom.
  3073 | D:4      | Reached skill level 5 in Axes
  3160 | D:4      | Found Zoac Qiurr's Armour Shop.
  3270 | D:5      | Entered Level 5 of the Dungeon
  3495 | D:5      | Noticed Sigmund
  3508 | D:5      | Killed Sigmund
  3508 | D:5      | Reached skill level 5 in Armour
  3508 | D:5      | Reached XP level 8. HP: 50/50 MP: 8/8
  3584 | D:5      | Reached *** piety under Trog
  3658 | D:5      | Found a staircase to the Ecumenical Temple.
  3915 | D:6      | Found a snail-covered altar of Cheibriados.
  4669 | D:7      | Reached XP level 9. HP: 29/56 MP: 9/9
  4869 | D:7      | Found a glowing silver altar of Zin.
  5200 | D:7      | Found Hutaoq's Book Boutique.
  5383 | D:7      | Reached **** piety under Trog
  5687 | D:8      | Reached skill level 1 in Bows
  5854 | D:8      | Noticed Joseph
  5864 | D:8      | Reached skill level 5 in Dodging
  5875 | D:8      | Killed Joseph
  6094 | D:8      | Reached XP level 10. HP: 63/63 MP: 10/10
  8545 | D:10     | Entered Level 10 of the Dungeon
  8581 | D:10     | Reached skill level 5 in Bows
  8764 | D:10     | Reached XP level 11. HP: 50/69 MP: 11/11
  8874 | D:10     | Found a staircase to the Orcish Mines.
  8906 | D:10     | Reached ***** piety under Trog
  9017 | D:10     | Found Redupn's Armour Emporium.
  9557 | D:10     | HP: 4/103 [something (3)]
  9558 | D:10     | Killed an unseen horror
 10420 | D:10     | Noticed a hill giant
 10431 | D:10     | Killed a hill giant
 10601 | D:11     | Found a staircase to the Lair.
 10720 | D:11     | Noticed Nergalle
 10729 | D:11     | Noticed Paps's ghost (journeyman TrFi)
 10738 | D:11     | Killed Nergalle
 10750 | D:11     | HP: 2/106 [Paps's ghost (30)]
 10752 | D:11     | Demolished by Paps's ghost

Skill      XL: |  1  2  3  4  5  6  7  8  9 10 11 |
---------------+----------------------------------+-----
Axes           | 3 4 5 6 8 9 |  9.9
Dodging        | 2 3 4 5 6 |  6.3
Armour         | 3 4 5 6 7 8 |  8.6
Fighting       | 4 5 6 7 8 9 |  9.0
Bows           | 2 5 6 |  6.8

Action                   |  1- 3 |  4- 6 |  7- 9 | 10-12 || total
-------------------------+-------+-------+-------+-------++-------
Melee: Hand axe          |    91 |    63 |       |       ||   154
       War axe           |       |    63 |   423 |   362 ||   848
 Fire: Shortbow          |       |       |    19 |   131 ||   150
Invok: Berserk           |       |     2 |     3 |     6 ||    11
       Trog's Hand       |       |       |     1 |       ||     1
  Eat: Chunk             |       |     6 |    17 |    15 ||    38
       Pizza             |       |       |       |     1 ||     1
       Beef jerky        |       |       |       |     1 ||     1
       Fruit             |       |       |       |     1 ||     1
Armor: Animal skin       |    14 |       |       |       ||    14
       Ring mail         |    24 |    20 |       |       ||    44
       Scale mail        |       |    33 |   327 |   264 ||   624
Dodge: Dodged            |    70 |    58 |   332 |   316 ||   776
